 Dungeon Crawl Stone Soup version 0.21.0-3-g78d12a8 (webtiles) character file.

324 Leibowitz the Sneak (level 6, -5/34 HPs)
             Began as a Kobold Enchanter on Jan 8, 2018.
             Slain by a goblin
             ... wielding a +0 club
             ... led by Robin
              (10 damage)
             ... on level 3 of the Dungeon.
             The game lasted 00:10:30 (3937 turns).

Leibowitz the Sneak (Kobold Enchanter)              Turns: 3937, Time: 00:10:31

Health: -5/34      AC:  4    Str:  5    XL:     6   Next: 77%
Magic:  12/12      EV: 13    Int: 18    God:
Gold:   102        SH:  0    Dex: 16    Spells: 7/13 levels left

rFire    . . .     SeeInvis .   a - +1 dagger
rCold    . . .     Gourm    .   (shield restricted)
rNeg     . . .     Faith    .   b - +0 robe
rPois    .         Spirit   .   k - +2 hat
rElec    .         Reflect  .   (no cloak)
rCorr    +         Harm     .   (no gloves)
MR       .....                  (no boots)
Stlth    +++.......             (no amulet)
HPRegen  0.11/turn              h - ring of resist corrosion
MPRegen  0.13/turn              f - ring of flight

@: constricted
A: small, carnivore
a: Evoke Flight


You were on level 3 of the Dungeon.
You were very full.

You visited 1 branch of the dungeon, and saw 3 of its levels.
You also visited: Sewer.

You collected 102 gold pieces.

Inventory:

Hand Weapons
 a - a +1 dagger (weapon)
 r - a +0 blowgun
Missiles
 s - 17 poisoned needles
Armour
 b - a +0 robe (worn)
 k - a +2 hat (worn)
Jewellery
 f - a ring of flight (right hand)
 h - a ring of resist corrosion (left hand)
Scrolls
 e - 3 scrolls of identify {unknown}
 g - a scroll of blinking {unknown}
 i - a scroll of remove curse {unknown}
 j - a scroll of random uselessness {unknown}
 l - 3 scrolls of fear {unknown}
 n - a scroll of magic mapping {unknown}
 p - a scroll of teleportation {unknown}
Potions
 m - a potion of heal wounds {unknown}
 o - a potion of flight {unknown}
Books
 c - a book of Maledictions

   Spells                             Type                      Level
   a - Corona                         Hexes                        1
   b - Ensorcelled Hibernation        Hexes/Ice                    2
   c - Confuse                        Hexes                        3
   d - Tukima's Dance                 Hexes                        3
   e - Dazzling Spray                 Conjuration/Hexes            3
Comestibles
 d - a ration


   Skills:
 + Level 1.0 Fighting
 + Level 2.9 Short Blades
 + Level 2.8 Dodging
 + Level 5.7 Stealth
 * Level 4.0 Spellcasting
 * Level 4.3 Hexes
 + Level 1.2 Ice Magic


You had 7 spell levels left.
You knew the following spells:

 Your Spells              Type           Power        Failure   Level  Hunger
a - Corona                Hex            ###....      2%          1    None
b - Ensorcelled Hibernat  Hex/Ice        ##....       7%          2    ##.....
c - Confuse               Hex            ###.....     8%          3    ###....


Dungeon Overview and Level Annotations

Branches:
Dungeon (3/15)

Altars:

Annotations:
D:3 Robin, Sigmund


Innate Abilities, Weirdness & Mutations

You are small and have problems with some larger weapons.
You are carnivorous and can eat meat at any time.


Message History

* * * LOW HITPOINT WARNING * * *
Robin throws the goblin at you!
* * * LOW HITPOINT WARNING * * *
You closely miss the goblin.
The goblin no longer looks unusually strong.
The ball python closely misses you. The ball python grabs you.
The ball python constricts you. The goblin barely misses you.
The rat closely misses you. The goblin closely misses you.
The goblin hits you but does no damage. The goblin completely misses you.
Okay, then.
You feel better. The ball python barely misses you.
* * * LOW HITPOINT WARNING * * *
The ball python constricts you. Robin throws the goblin at you!
The goblin hits you.
* * * LOW HITPOINT WARNING * * *
The goblin barely misses you. The rat bites you but does no damage.
The goblin misses you. The goblin hits you with a club.
* * * LOW HITPOINT WARNING * * *
The goblin hits you with a club!
You die...

.........#......
.........+......
.........#......
.........#......
..............##+######
........#≈..#.........#
........≈≈≈≈≈.........#
......#≈≈≈≈≈≈≈#.gg....#
......≈≈≈≈≈≈≈≈gr@g.<..#
.......≈≈≈.≈≈wggSg#####
#####..≈≈≈≈g≈≈.gg.#
#.#≈≈≈≈≈≈g#ls.#
#...≈≈≈≈≈g....#
##..#≈..#.....#
##...........#
####.....#### #######


You could see a worm, Robin, a leopard gecko, a giant cockroach, 3 hobgoblins, 8
goblins, a ball python and a rat.

Vanquished Creatures
  3 big kobolds (Sewer)
  7 adders
  A river rat (Sewer)
  An ooze (D:3)
  4 worms
  A dart slug (D:1)
  A giant cockroach (D:2)
  5 goblins
  2 hobgoblins
  4 ball pythons
  4 bats
  2 frilled lizards (D:1)
  8 kobolds
  9 rats
52 creatures vanquished.

Notes
Turn   | Place    | Note
-------+----------+-------------------------------------------
     0 | D:1      | Leibowitz the Kobold Enchanter began the quest for the Orb.
     0 | D:1      | Reached XP level 1. HP: 10/10 MP: 3/3
   295 | D:1      | Reached XP level 2. HP: 5/15 MP: 0/5
   506 | D:1      | Learned a level 2 spell: Ensorcelled Hibernation
  1197 | D:2      | Reached XP level 3. HP: 19/19 MP: 7/7
  1550 | D:2      | Reached XP level 4. HP: 4/24 MP: 1/8
  1742 | D:2      | Learned a level 3 spell: Confuse
  2613 | D:3      | Noticed Sigmund
  2746 | D:3      | Found a glowing drain.
  2747 | D:3      | Noticed Robin
  2755 | Sewer    | Entered a sewer
  2920 | Sewer    | Noticed a big kobold
  2958 | Sewer    | Killed a big kobold
  2958 | Sewer    | Reached skill level 5 in Stealth
  2958 | Sewer    | Reached skill level 1 in Ice Magic
  2958 | Sewer    | Reached XP level 5. HP: 18/28 MP: 0/9
  3162 | Sewer    | Reached skill level 1 in Fighting
  3183 | Sewer    | Noticed a big kobold
  3184 | Sewer    | Noticed a big kobold
  3206 | Sewer    | Killed a big kobold
  3206 | Sewer    | Reached XP level 6. HP: 15/34 MP: 2/11
  3937 | D:3      | Slain by a goblin

Skill      XL: |  1  2  3  4  5  6 |
---------------+-------------------+-----
Spellcasting   | 3 4 |  4.0
Short Blades   | 2 |  2.9
Stealth        | 5 |  5.7
Ice Magic      | 1 |  1.2
Hexes          | 4 |  4.3
Fighting       | 1 |  1.0
Dodging        | |  2.8

Action                   |  1- 3 |  4- 6 || total
-------------------------+-------+-------++-------
Melee: Dagger            |    80 |   142 ||   222
 Cast: Corona            |    10 |       ||    10
       Ensorcelled Hiber |    13 |    25 ||    38
       Confuse           |       |    11 ||    11
  Use: Potion            |       |     5 ||     5
 Stab: Sleeping          |    12 |    14 ||    26
       Distracted        |     1 |       ||     1
       Confused          |       |     6 ||     6
  Eat: Chunk             |    11 |     8 ||    19
Armor: Robe              |     7 |    23 ||    30
Dodge: Dodged            |    73 |   120 ||   193
